 Dungeon Sprint DCSS version 0.18-a0-270-ga9d907f (webtiles) character file.

29 rb10c the Summoner (level 5, -5/28 HPs)
             Began as a Deep Elf Summoner on Nov 26, 2015.
             Was an Initiate of Gozag.
             Killed from afar by a bog body (29 damage)
             ... with a bolt of cold
             ... in the Dungeon (Sprint VI: "Thunderdome").
             The game lasted 00:04:13 (409 turns).

rb10c the Summoner (Deep Elf Summoner)               Turns: 409, Time: 00:04:14

Health: -5/28      AC:  2    Str:  6    XL:     5   Next: 12%
Magic:  4/11       EV: 13    Int: 20    God:    Gozag
Gold:   261        SH:  0    Dex: 15    Spells: 3 memorised, 3 levels left

rFire  . . .     SeeInvis .     n - +2 dagger (speed)
rCold  . . .     Clarity  .     a - +0 robe
rNeg   . . .     SustAt   .     (no shield)
rPois  .         Gourm    .     (no helmet)
rElec  .         Spirit   .     (no cloak)
rCorr  .         Warding  .     (no gloves)
rMut   .         NoTele   +     (no boots)
MR     .....                    (no amulet)
Stlth  ++........               (no ring)
                                (no ring)

@: very slightly contaminated, slowed, very slow, not resistant to hostile
enchantments, unstealthy
A: no striking features
a: Potion Petition, Call Merchant, Bribe Branch, Renounce Religion


You were in the Dungeon.
You worshipped Gozag.
Gozag was noncommittal.
You were not hungry.

You visited 1 branch You collected 317 gold pieces.
You paid 56 gold pieces to Gozag.

Inventory:

Hand Weapons
 n - a +2 dagger of speed (weapon)
Armour
 a - a +0 robe (worn)
Wands
 k - a wand of cold (5)
 l - a wand of fire (5)
Scrolls
 i - 4 scrolls of blinking
 m - 3 scrolls of fog
Potions
 e - 3 potions of heal wounds
 f - 4 potions of haste
 g - 2 potions of magic
 h - a potion of berserk rage
 j - a potion of resistance
Books
 b - a book of Callings

   Spells                             Type                      Level
   a - Summon Small Mammal            Summoning                    1
   b - Call Imp                       Summoning                    2
   c - Call Canine Familiar           Summoning                    3
   d - Summon Guardian Golem          Hexes/Summoning              3
   e - Summon Lightning Spire         Summoning/Air                4
   f - Summon Ice Beast               Ice/Summoning                4
Comestibles
 c - a bread ration


   Skills:
 - Level 5.9 Short Blades
 - Level 2.4 Dodging
 - Level 2.4 Stealth
 - Level 3.0 Spellcasting
 - Level 9.2 Summonings
 + Level 3.6 Air Magic


You had 3 spell levels left.
You knew the following spells:

 Your Spells              Type           Power        Failure   Level  Hunger
a - Summon Small Mammal   Summ           ####         1%          1    None
b - Call Imp              Summ           #####...     1%          2    ##.....
c - Summon Lightning Spi  Summ/Air       ####....     12%         4    ####...


Dungeon Overview and Level Annotations

Branches:
Dungeon (1/1)

Altars:
Cheibriados
Dithmenos
Fedhas
Gozag
Kikubaaqudgha
Makhleb
Okawaru
Qazlal
Ru
Sif Muna
Trog
Vehumet
Xom
Yredelemnul
Zin
The Shining One
Jiyva
Lugonu

Shops:
D *[%??*?*:[((!!!!


Message History

t - Shout!
Orders for allies: a - Attack new target. r - Retreat! s - Stop attacking. w - Wait here. f - Follow me.
Anything else - Stay silent.
You shout for attention!
Unknown command.
A bog body comes into view.
Your lightning spire shoots out a bolt of lightning at the bog body!
The bolt of electricity hits the bog body.
Your lightning spire shoots out a bolt of lightning at the bog body!
The bolt of electricity hits the bog body.
Your lightning spire disappears in a puff of smoke!
The bog body casts a spell at you.
You feel yourself slow down.
The bog body points at you and mumbles some strange words.
The bolt of cold hits you!
Ouch! That really hurt!
You die...
Your body crumbles into a pile of gold.

#_......._#
###.........###
#⌠...........⌠#
######.8....)....8.##
##∩_._......###.......
###∩.....§..8.# #.8.....
##..n..........###.......
#⌠..........###...###....
#§......@...# #.<.# #....
#⌠..........###...###....
##.............###.......
###∩........8.# #.8.....
##∩._.......###......_
######.8.........8.##
#⌠...........⌠#
###(........###
#........_#


You could see a bog body.

Vanquished Creatures
  2 crimson imps (D)
  2 iron imps (D)
4 creatures vanquished.

Vanquished Creatures (collateral kills)
  A giant frog (D)
  An adder (D)
  A shadow imp (D)
  An ooze (D)
  A hobgoblin (D)
  A kobold (D)
6 creatures vanquished.

Grand Total: 10 creatures vanquished

Notes
Turn   | Place    | Note
--------------------------------------------------------------
     0 | D        | rb10c the Deep Elf Summoner began the quest for the Orb.
     0 | D        | Reached XP level 1. HP: 10/10 MP: 6/6
     1 | D        | Found an opulent altar of Gozag.
     1 | D        | Found a radiant altar of Vehumet.
     2 | D        | Found a stormy altar of Qazlal.
     3 | D        | Found a shadowy altar of Dithmenos.
     4 | D        | Found Pyrhujyu's Bee Food.
     4 | D        | Found a glowing golden altar of the Shining One.
     4 | D        | Found Joss's Identification Station.
     5 | D        | Found Cesahij's Jewellery.
     5 | D        | Found Voameno's Advanced Armour.
     5 | D        | Round 1.
     6 | D        | Found an ancient bone altar of Kikubaaqudgha.
     9 | D        | Became a worshipper of Gozag Ym Sagoz the Greedy
    15 | D        | Found Qotutz's Magic Scroll Shop.
    16 | D        | Found a snail-covered altar of Cheibriados.
    16 | D        | Found a viscous altar of Jiyva.
    16 | D        | Found an iron altar of Okawaru.
    16 | D        | Found Ijuodoo's Staff Store.
    16 | D        | Found Nowiz's Magic Scroll Shop.
    16 | D        | Found Not Vynosi's Must-Have Magic.
    23 | D        | Reached skill level 5 in Summonings
    77 | D        | Found a deep blue altar of Sif Muna.
    79 | D        | Found a burning altar of Makhleb.
    79 | D        | Found Kaneju's Premium Goods.
    79 | D        | Found Pyur's Miscellaneous Merchandise.
    80 | D        | Found Quida's Basic Armour.
    92 | D        | Found a glowing silver altar of Zin.
    92 | D        | Found a basalt altar of Yredelemnul.
    92 | D        | Found a bloodstained altar of Trog.
    92 | D        | Found Ulaw's Weapon Rack.
    99 | D        | Found a shimmering altar of Xom.
    99 | D        | Reached skill level 6 in Summonings
    99 | D        | Reached XP level 2. HP: 9/15 MP: 2/8
   102 | D        | Noticed Terence
   103 | D        | Learned a level 2 spell: Call Imp
   150 | D        | Arena points: 5 (+5) [x1]
   150 | D        | Reached skill level 1 in Short Blades
   165 | D        | Round 2.
   191 | D        | Reached skill level 7 in Summonings
   191 | D        | Reached XP level 3. HP: 19/19 MP: 3/9
   217 | D        | Found a blossoming altar of Fedhas.
   217 | D        | Found a corrupted altar of Lugonu.
   217 | D        | Found Amoodol's Do-It-Yourself Clinic.
   217 | D        | Found Safikij's Bottled Wisdom.
   218 | D        | Found Faizoyc's Distillery.
   223 | D        | Found Ownar's Distillery.
   223 | D        | Found a sacrificial altar of Ru.
   256 | D        | Reached skill level 8 in Summonings
   256 | D        | Reached XP level 4. HP: 15/24 MP: 6/10
   314 | D        | Reached skill level 5 in Short Blades
   327 | D        | Arena points: 29 (+24) [x2]
   327 | D        | Reached skill level 9 in Summonings
   352 | D        | Learned a level 4 spell: Summon Lightning Spire
   378 | D        | Round 3.
   388 | D        | Noticed a giant frog
   391 | D        | Killed a giant frog
   391 | D        | Reached XP level 5. HP: 22/28 MP: 2/11
   406 | D        | Noticed a bog body
   409 | D        | Killed from afar by a bog body

Vault maps used:
D:        arena_sprint

Action                   |  1- 3 |  4- 6 || total
-------------------------+-------+-------++-------
Melee: Unarmed           |     3 |       ||     3
       Dagger            |    23 |    25 ||    48
 Cast: Summon Small Mamm |    11 |       ||    11
       Call Imp          |     5 |     2 ||     7
       Summon Lightning  |       |     1 ||     1
  Use: Potion            |     2 |       ||     2
 Stab: Distracted        |     1 |     1 ||     2
